 Dungeon Crawl Stone Soup version 0.19-a0-1626-g5215c36 (webtiles) character file.

17 jacquesderrida the Charmwright (level 2, 3/15 HPs)
             Began as a Vine Stalker Skald on Sept 18, 2016.
             Quit the game on level 2 of the Dungeon.
             The game lasted 00:00:44 (300 turns).

jacquesderrida the Charmwright (Vine Stalker Skald)  Turns: 300, Time: 00:00:44

Health: 3/15       AC:  3    Str: 14    XL:     2   Next: 62%
Magic:  3/6        EV: 11    Int: 12    God:
Gold:   30         SH:  0    Dex: 13    Spells: 1 memorised, 4 levels left

rFire  . . .     SeeInvis .     a - +0 falchion
rCold  . . .     Gourm    .     b - +0 leather armour
rNeg   . . .     Faith    .     (no shield)
rPois  .         Spirit   +     (no helmet)
rElec  .         Dismiss  .     (no cloak)
rCorr  .         Reflect  .     (no gloves)
MR     .....     Harm     .     (no boots)
Stlth  +.........               (no amulet)
                                (no ring)
                                (no ring)

@: lethally poisoned (3 -> -1)
A: fangs 2, magic shield, antimagic bite, no device heal 3, rot immunity
a: no special abilities


You were on level 2 of the Dungeon.
You were not hungry.

You visited 1 branch of the dungeon, and saw 2 of its levels.

You collected 30 gold pieces.

Inventory:

Hand Weapons
 a - a +0 falchion (weapon)
Armour
 b - a +0 leather armour (worn)
Scrolls
 e - a scroll of blinking {unknown}
Books
 c - a book of Battle

   Spells                             Type                      Level
   a - Infusion                       Charms                       1
   b - Shroud of Golubria             Charms/Translocation         2
   c - Song of Slaying                Charms                       2
   d - Spectral Weapon                Hexes/Charms                 3
   e - Regeneration                   Charms/Necromancy            3
Comestibles
 d - a bread ration
 f - a meat ration


   Skills:
 - Level 1.7 Fighting
 + Level 2.8 Long Blades
 - Level 0.7 Armour
 - Level 0.7 Dodging
 - Level 2.1 Spellcasting
 - Level 3.0 Charms


You had 4 spell levels left.
You knew the following spells:

 Your Spells              Type           Power        Failure   Level  Hunger
a - Infusion              Chrm           #...         12%         1    ##.....


Dungeon Overview and Level Annotations

Branches:
Dungeon (2/15)

Altars:


Innate Abilities, Weirdness & Mutations

You have extremely sharp teeth.
When hurt, damage is shared between your health and your magic reserves.
Your bite disrupts and absorbs the magic of your enemies.
Potions and wands cannot restore your health.
You are immune to rotting.


Message History

* * * LOW HITPOINT WARNING * * *
The adder closely misses you.
You riposte.
You completely miss the adder. You bite the adder, but do no damage.
The adder is lightly wounded.
* * * LOW HITPOINT WARNING * * *
You feel sick. The giant cockroach barely misses you.
You riposte.
You closely miss the giant cockroach. Your bite misses the giant cockroach.
The adder closely misses you.
You riposte.
You hit the adder. You bite the adder, but do no damage.
The adder is moderately wounded.
There is an open door here.
It was a potion of heal wounds.
That seemed strangely inert.
* * * LOW HITPOINT WARNING * * *
You feel sick. The giant cockroach barely misses you.
You completely miss the giant cockroach.
The giant cockroach barely misses you.
You riposte.
You hit the giant cockroach but do no damage.
Your bite misses the giant cockroach. The giant cockroach barely misses you.
Unknown command.
Are you sure you want to abandon this character and quit the game? (Confirm with "yes".)

###+#######
###########.........#
#.........#.........##
#.........#...........
#.........#...........
#.........#.....?.....
#.........#...........
#....†....sl...)......
#........@#...........
#.........#.........##
########'##..........
#.######...... #.#
..... #.# ... #.#
##########.#
#..........#


You could see a giant cockroach and a frilled lizard.

Vanquished Creatures
  A leopard gecko (D:2)
  3 bats
  A giant cockroach (D:1)
  4 goblins
  3 frilled lizards (D:1)
  A kobold (D:1)
  2 rats (D:1)
15 creatures vanquished.

Notes
Turn   | Place    | Note
-------+----------+-------------------------------------------
     0 | D:1      | jacquesderrida the Vine Stalker Skald began the quest for the Orb.
     0 | D:1      | Reached XP level 1. HP: 11/11 MP: 4/4
   129 | D:1      | Reached XP level 2. HP: 15/15 MP: 6/6
   300 | D:2      | Quit the game

Vault maps used:
D:1:      dpeg_arrival_long_road
D:2:      first_bread, uniq_iyjb

Skill      XL: |  1 |
---------------+----+-----
Long Blades    | 2 |  2.8
Fighting       | |  1.7
Armour         | |  0.7
Dodging        | |  0.7
Spellcasting   | |  2.1
Charms         | |  3.0

Action                   || total
-------------------------++-------
Melee: Falchion          ||    51
       Bite              ||     9
  Use: Potion            ||     1
 Stab: Sleeping          ||     1
Armor: Leather armour    ||    14
Dodge: Dodged            ||    32
